 Dungeon Crawl Stone Soup version 0.18-a0-1433-g1d8109a (webtiles) character file.

4291 Duskembrace the Bewitcher (level 10, -2/37 HPs)
             Began as a Felid Enchanter on Feb 25, 2016.
             Was a High Priest of Dithmenos.
             Slain by Gastronok (39 damage)
             ... on level 1 of the Lair of Beasts on Feb 28, 2016.
             The game lasted 00:59:03 (15516 turns).

Duskembrace the Bewitcher (Felid Enchanter)        Turns: 15516, Time: 00:59:03

Health: -2/37      AC:  2    Str:  4    XL:     10   Next: 11%
Magic:  10/14      EV: 27    Int: 20    God:    Dithmenos [*****.]
Gold:   740        SH:  5    Dex: 17    Spells: 6 memorised, 0 levels left
                                        Lives:  0   Deaths: 2

rFire  . . .     SeeInvis +       - Unarmed
rCold  . . .     Gourm    .     (armour unavailable)
rNeg   . . .     Faith    .     (shield unavailable)
rPois  .         Spirit   .     (helmet unavailable)
rElec  +         Dismiss  .     (cloak unavailable)
rCorr  +         Reflect  +     (gloves unavailable)
SustAt .         Harm     .     (boots unavailable)
MR     +++..                    y - amulet "Voqink" {Reflect rElec MR+ SH+5}
Stlth  ++++++++++               (no ring)
                                E - ring of resist corrosion (curse)

@: wreathed by umbra, quick, extremely resistant to hostile enchantments,
uncannily stealthy
A: no armour, no weapons or thrown items, claws 1, fangs 3, see invisible,
carnivore 3, speed 1, magic resistance 1, shaggy fur 2, slow metabolism 1,
evolution 1, sharp paws
a: Shadow Step, Shadow Form, Renounce Religion


You were on level 1 of the Lair of Beasts.
You worshipped Dithmenos.
Dithmenos was extremely pleased with you.
You were not hungry.

You visited 2 branches of the dungeon, and saw 14 of its levels.

You collected 740 gold pieces.

Inventory:

Jewellery
 y - the amulet "Voqink" (around neck) {Reflect rElec MR+ SH+5}
   (You found it on level 6 of the Dungeon)

   [amulet of reflection]

   It shields you and reflects attacks.
   It insulates you from electricity.
   It affects your resistance to hostile enchantments.
   It affects your SH (+5).
 E - a cursed ring of resist corrosion (left paw)
Wands
 a - a wand of teleportation (2/9)
 o - a wand of digging (6/24)
Scrolls
 e - 6 scrolls of remove curse {unknown}
 g - 2 scrolls of identify
 h - 6 scrolls of enchant armour {unknown}
 i - 3 scrolls of enchant weapon {unknown}
 j - 2 scrolls of magic mapping {unknown}
 l - 2 scrolls of blinking {unknown}
 m - 4 scrolls of immolation {unknown}
 q - 2 scrolls of recharging {unknown}
 s - 2 scrolls of fog {unknown}
 w - 5 scrolls of teleportation {unknown}
 B - a scroll of random uselessness {unknown}
 C - a scroll of noise {unknown}
 I - 3 scrolls of amnesia {unknown}
Potions
 c - a potion of invisibility
 d - 2 potions of berserk rage
 k - 5 potions of curing
 n - a potion of resistance
 r - a potion of might
 v - 2 potions of lignification
 x - 2 potions of heal wounds
 z - a potion of cure mutation {unknown}
 A - a potion of agility {unknown}
 F - a potion of mutation {unknown}
 G - a potion of flight {unknown}
 L - 2 potions of degeneration {unknown}
Books
 J - a book of Spatial Translocations

   Spells                             Type                      Level
   a - Apportation                    Translocation                1
   b - Blink                          Translocation                2
   c - Shroud of Golubria             Charms/Translocation         2
   d - Portal Projectile              Translocation                3
   e - Teleport Other                 Translocation                3
   f - Passage of Golubria            Translocation                4
Comestibles
 b - 4 meat rations


   Skills:
 + Level 11.7 Dodging
 + Level 13.0 Stealth
 - Level 5.5 Unarmed Combat
 - Level 2.0 Spellcasting
 * Level 17.4 Hexes
 + Level 4.0 Charms
 + Level 4.3 Translocations


You couldn't memorise any spells.
You knew the following spells:

 Your Spells              Type           Power        Failure   Level  Hunger
a - Corona                Hex            ######.      0%          1    #......
b - Ensorcelled Hibernat  Hex/Ice        #####.       1%          2    ##.....
c - Confuse               Hex            ######..     1%          3    ###....
d - Tukima's Dance        Hex            ######..     1%          3    ###....
e - Dazzling Spray        Conj/Hex       #####...     1%          3    ###....
f - Shroud of Golubria    Chrm/Tloc      ###.......   4%          2    ##.....


Dungeon Overview and Level Annotations

Branches:
Dungeon (12/15)            Temple (0/1) D:6            Lair (2/8) D:10
    Orc (0/2) D:10

Altars:
Ashenzari
Dithmenos
Gozag
Kikubaaqudgha
Nemelex Xobeh
Okawaru
Ru
Trog
Xom
Yredelemnul
The Shining One

Shops:
D:5 *}   D:9 [   D:10 (

Annotations:
Lair:1 Gastronok


Innate Abilities, Weirdness & Mutations

You cannot wear armour.
You are incapable of wielding weapons or throwing items.
You have sharp claws.
You have razor-sharp teeth.
You have supernaturally acute eyesight.
You are carnivorous and can eat meat at any time.
You cover ground quickly.
You are covered in thick fur (AC +2).
You have a slow metabolism.
Your sharp claws are effective at attacking unaware monsters.
You are resistant to hostile enchantments.
You evolve.


Message History

You start resting.
Magic restored.
You start resting.
HP restored.
Found a flail.
Found a ring mail.
Found 15 sling bullets.
Gastronok the Ponderous comes into view.
Gastronok is nearby!
Aiming: Shadow Step
Press: ? - help, Dir - move target cursor, f - Gastronok
Aim: Gastronok, wearing a runed hat (resting, umbra)
You step into Gastronok's shadow.
A black mamba comes into view.
You pounce on the unaware helpless Gastronok!
You eviscerate Gastronok!!!!
Gastronok is heavily wounded.
Gastronok bites you!!!
Ouch! That really hurt!
You die...

....#########...
....#..≈......# .##
.....≈≈≈≈≈≈≈..# ..
:/...≈≈≈≈≈≈≈≈.# #.#
...≈≈≈≈≈≈≈≈≈≈.# ..#
....≈≈≈≈.≈≈≈≈.# ..
...≈≈≈≈.<.≈≈≈.###.#
...≈≈≈≈≈≈≈≈≈≈.P#.w#
###.≈≈≈≈≈≈≈≈≈≈##@#
#(.≈≈≈≈≈≈≈≈.##..#
##≈≈≈≈≈≈≈.≈##..S#
##.......##P.###
###.###.###.# ###
#.....# ######## ###...#
##.##.#.#### ..
##..####.......##P##..
###...##................


You could see Gastronok and a black mamba (sleeping).

Vanquished Creatures
  Harold (D:11)
  Sonja (D:10)
  An unseen horror (D:7)
  2 hill giants
  An ugly thing (D:11)
  2 kobold demonologists (D:10)
  A spiny frog (Lair:1)
  A komodo dragon (Lair:2)
  The ghost of Bzzzz the Digger, a novice GrEE of Vehumet (D:4)
  3 trolls
  2 blink frogs (Lair:2)
  A yak (D:9)
  A hippogriff (D:7)
  Grum (D:10)
  10 wolves
  2 water moccasins
  4 porcupines
  3 ice beasts
  5 orc warriors
  An eye of draining (D:11)
  2 sky beasts
  A black bear (D:9)
  2 phantoms
  A wasp (D:9)
  4 ogres
  8 centaurs
  A crocodile (D:11)
  5 big kobolds
  6 giant frogs
  2 wyvern zombies
  3 scorpions
  16 killer bees
  A howler monkey (D:4)
  6 electric eels
  4 crimson imps
  2 quasits
  A wasp zombie (D:5)
  A hound (D:7)
  8 orc priests
  A gnoll shaman (D:8)
  A jelly (D:8)
  16 orc wizards
  Crazy Yiuf (D:4)
  2 centaur skeletons
  5 iguanas
  10 worker ants
  2 hound zombies
  2 hound skeletons
  A howler monkey zombie (D:5)
  11 gnolls
  11 adders
  15 river rats
  3 shadow imps
  3 white imps (D:9)
  2 ufetubi (D:9)
  2 adder zombies
  An ooze (D:3)
  4 worms
  An adder simulacrum (D:9)
  A dart slug (D:1)
  4 giant geckos
  58 orcs
  2 ball pythons
  12 bats
  5 giant cockroaches
  10 goblins
  6 hobgoblins
  19 jackals
  4 quokkas
  A giant cockroach zombie (D:6)
  3 giant newts
  A jackal zombie (D:8)
  27 kobolds
  9 rats
  A fungus (D:4)
375 creatures vanquished.

Vanquished Creatures (collateral kills)
  A hill giant (D:11)
  A gargoyle (D:10)
  2 orc warriors (D:6)
  A gnoll sergeant (D:9)
  4 wights (D:11)
  6 orc wizards
  A hound (D:10)
  A jelly (D:11)
  4 orc priests
  A giant frog skeleton (D:8)
  6 gnolls
  9 orcs
  A kobold (D:10)
38 creatures vanquished.

Vanquished Creatures (others)
  4 fungi (D:10)
4 creatures vanquished.

Grand Total: 417 creatures vanquished

Notes
Turn   | Place    | Note
--------------------------------------------------------------
     0 | D:1      | Duskembrace the Felid Enchanter began the quest for the Orb.
     0 | D:1      | Reached XP level 1. HP: 7/7 MP: 4/4
   193 | D:1      | Reached skill level 5 in Hexes
   193 | D:1      | Reached XP level 2. HP: 9/11 MP: 6/6
   197 | D:1      | Learned a level 2 spell: Ensorcelled Hibernation
   860 | D:1      | Reached XP level 3. HP: 14/14 MP: 2/7
   871 | D:1      | Learned a level 3 spell: Confuse
  1321 | D:2      | Reached skill level 5 in Stealth
  1651 | D:2      | Reached XP level 4. HP: 18/18 MP: 8/8
  1825 | D:2      | Reached skill level 6 in Hexes
  1952 | D:3      | Noticed a giant frog
  1961 | D:3      | Killed a giant frog
  1961 | D:3      | Reached XP level 5. HP: 21/21 MP: 5/9
  2214 | D:3      | Reached skill level 7 in Hexes
  2616 | D:4      | Noticed an ogre
  2632 | D:4      | Noticed Bzzzz's ghost (novice GrEE)
  2636 | D:4      | Killed an ogre
  2636 | D:4      | Gained mutation: You are covered in thick fur (AC +2). [Felid growth]
  2636 | D:4      | Reached XP level 6. HP: 24/24 MP: 6/10
  2668 | D:4      | Learned a level 3 spell: Tukima's Dance
  2693 | D:4      | Killed Bzzzz's ghost
  2693 | D:4      | Reached skill level 5 in Dodging
  2693 | D:4      | Reached skill level 8 in Hexes
  2693 | D:4      | Reached XP level 7. HP: 11/27 MP: 9/11
  3125 | D:4      | Found a shadowy altar of Dithmenos.
  3137 | D:4      | Became a worshipper of Dithmenos the Shadowed
  3147 | D:4      | Reached skill level 9 in Hexes
  4090 | D:4      | Reached skill level 10 in Hexes
  4311 | D:4      | Noticed Crazy Yiuf
  4323 | D:4      | Killed Crazy Yiuf
  4538 | D:3      | Reached XP level 8. HP: 31/31 MP: 6/12
  4675 | D:3      | Reached * piety under Dithmenos
  5083 | D:5      | Entered Level 5 of the Dungeon
  5083 | D:5      | Found Gozag's Platinum Reserve.
  5164 | D:5      | Found an opulent altar of Gozag.
  5187 | D:5      | Found a shattered altar of Ashenzari.
  5328 | D:5      | Found a bloodstained altar of Trog.
  5390 | D:5      | Reached skill level 11 in Hexes
  5534 | D:5      | Found Tiranam's Gadget Shop.
  5850 | D:6      | Got an ancient brass amulet
  5851 | D:6      | Identified the amulet "Voqink" {Reflect rElec MR+ SH+5} (You found it on level 6 of the Dungeon)
  5873 | D:6      | Found a staircase to the Ecumenical Temple.
  6205 | D:6      | Found an iron altar of Okawaru.
  6237 | D:6      | Reached ** piety under Dithmenos
  6308 | D:6      | Reached skill level 12 in Hexes
  7197 | D:7      | Reached XP level 9. HP: 34/34 MP: 10/13
  7200 | D:7      | Found a sparkling altar of Nemelex Xobeh.
  7503 | D:7      | Found a basalt altar of Yredelemnul.
  7740 | D:7      | Noticed an unseen horror
  7772 | D:7      | Learned a level 3 spell: Dazzling Spray
  7903 | D:7      | Killed an unseen horror
  7971 | D:7      | Reached skill level 13 in Hexes
  8998 | D:8      | Found an ancient bone altar of Kikubaaqudgha.
  9178 | D:7      | Reached skill level 10 in Stealth
  9253 | D:7      | Upgraded the game from 0.18-a0-1408-g69e564c to 0.18-a0-1414-gcd7f35e
  9393 | D:8      | Reached *** piety under Dithmenos
  9769 | D:8      | Found a shimmering altar of Xom.
  9981 | D:8      | Found a glowing golden altar of the Shining One.
 10097 | D:8      | Reached XP level 10. HP: 37/37 MP: 14/14
 10123 | D:9      | Reached skill level 14 in Hexes
 10185 | D:9      | Found a sparkling altar of Nemelex Xobeh.
 10407 | D:9      | Reached **** piety under Dithmenos
 10438 | D:9      | Found Weimoh's Armour Shop.
 10536 | D:9      | Reached skill level 5 in Unarmed Combat
 11123 | D:9      | Found a sacrificial altar of Ru.
 11539 | D:9      | Reached skill level 15 in Hexes
 11570 | D:9      | Reached skill level 10 in Dodging
 11929 | D:10     | Entered Level 10 of the Dungeon
 12014 | D:10     | Found a staircase to the Lair.
 12040 | D:10     | Noticed Grum
 12071 | D:10     | Killed Grum
 12210 | D:10     | Found a staircase to the Orcish Mines.
 12270 | D:10     | Found a basalt altar of Yredelemnul.
 12280 | D:10     | Gained mutation: You evolve. [potion of beneficial mutation]
 12466 | D:10     | Noticed Sonja
 12466 | D:10     | Noticed a hill giant
 12495 | D:10     | Killed Sonja
 12495 | D:10     | Reached XP level 11. HP: 30/40 MP: 9/15
 12576 | D:10     | Gained mutation: You are resistant to hostile enchantments. [evolution]
 12600 | D:10     | Killed a hill giant
 12600 | D:10     | Reached skill level 16 in Hexes
 12674 | D:10     | Reached ***** piety under Dithmenos
 12818 | D:10     | Found Lohegomei's Weapon Shoppe.
 13303 | D:11     | Learned a level 2 spell: Shroud of Golubria
 13417 | D:11     | Noticed Harold
 13435 | D:11     | Killed Harold
 13435 | D:11     | Reached skill level 1 in Charms
 13435 | D:11     | Reached skill level 1 in Translocations
 13596 | D:11     | Noticed a hill giant
 13598 | D:11     | Killed a hill giant
 13644 | D:11     | Noticed a hill giant
 13654 | D:11     | Killed a hill giant
 13880 | D:11     | Noticed a cyan ugly thing
 13910 | D:11     | Killed a cyan ugly thing
 14089 | D:11     | Found a basalt altar of Yredelemnul.
 14523 | Lair:1   | Entered Level 1 of the Lair of Beasts
 14779 | Lair:1   | Reached skill level 17 in Hexes
 14871 | Lair:1   | Mangled by a wolf
 14872 | Lair:1   | Reached XP level 10. HP: -6/37 MP: 2/14
 15099 | Lair:2   | Mangled by a blink frog
 15100 | Lair:2   | Reached XP level 9. HP: -6/34 MP: 2/13
 15105 | Lair:2   | Upgraded the game from 0.18-a0-1414-gcd7f35e to 0.18-a0-1433-g1d8109a
 15106 | Lair:2   | Reached XP level 10. HP: 37/37 MP: 14/14
 15513 | Lair:1   | Noticed Gastronok
 15515 | Lair:1   | Noticed a black mamba
 15516 | Lair:1   | Slain by Gastronok

Vault maps used:
D:1:      nagdon_arrival_zigzag_paths, hangedman_decor_lopped
D:3:      first_bread, nrook_uturn, fedhas_altar_fruit_tree
D:4:      kennysheep_spiral_hall, nicolae_dithmenos_through_a_glass_darkly,
          uniq_crazy_yiuf_cottage
D:5:      nicolae_overflow_crystal_walls, ashenzari_conservatory_becter,
          nicolae_gozag_zags_fifth_avenue, serial_shops, kennysheep_mini,
          serial_glass, glass_columns_b, glass_columns_b, feat_on_display,
          feat_on_display
D:6:      minmay_temple_entry_mist, okawaru_ov_weapons_minmay
D:7:      yredelemnul_altar_generic, basic_altar, grunt_ogre_cave
D:8:      grunt_temple_overflow_open, lemuel_round_altar
D:9:      nicolae_ru_great_annihilating_truth, serial_shops, shop, serial_ice,
          serial_ice_g, serial_ice_e, serial_ice_b, serial_ice_h, serial_ice_m,
          serial_ice_l, basic_altar
D:10:     due_lair_maze_entry_diamond, orc_0_dummy, serial_shops,
          kennysheep_little_box, basic_altar,
          hangedman_abyss_or_decor_lesser_grid, kennysheep_boxes, uniq_sonja,
          uniq_grum
D:11:     basic_altar, st_stairs_4, minmay_misc_feat_more_columns, uniq_harold
D:12:     minmay_distorted_concentric_squares, serial_shops, shop_statue,
          nicolae_tso_carved_into_rock
Lair:1:   nicolae_quartered_pool_super, infiniplex_staircase_pool_2,
          uniq_gastronok, uniq_erica
Lair:2:   dragon1_lemuel, beast_lair_carwin_11, serial_bayou_shore_b,
          serial_bayou_shore_a, lemuel_fruit_tree, grunt_megastairs_3

Skill      XL: |  1  2  3  4  5  6  7  8  9 10 11 |
---------------+----------------------------------+-----
Hexes          | 5 6 7 8 10 12 13 15 17 | 17.4
Dodging        | 3 4 5 6 7 9 10 11 | 11.7
Stealth        | 5 6 7 8 10 13 12 | 13.0
Unarmed Combat | 3 4 5 |  5.5
Charms         | 4 3 |  4.0
Translocations | 4 3 |  4.3
Spellcasting   | |  2.0

Action                   |  1- 3 |  4- 6 |  7- 9 | 10-12 || total
-------------------------+-------+-------+-------+-------++-------
Melee: Unarmed           |    81 |    77 |   328 |   370 ||   856
 Cast: Ensorcelled Hiber |    25 |    22 |   111 |   107 ||   265
       Corona            |     2 |       |       |       ||     2
       Confuse           |     1 |     3 |    39 |    32 ||    75
       Tukima's Dance    |       |       |    18 |    15 ||    33
       Shroud of Golubri |       |       |       |     2 ||     2
       Dazzling Spray    |       |       |       |     6 ||     6
Invok: Shadow Step       |       |       |       |     1 ||     1
  Use: Scroll            |       |       |       |     7 ||     7
       Potion            |       |       |       |     2 ||     2
 Stab: Sleeping          |    32 |    22 |   110 |   113 ||   277
       Confused          |     1 |     6 |    22 |    21 ||    50
       Distracted        |       |       |     2 |     1 ||     3
       Invisible         |       |       |       |     1 ||     1
  Eat: Chunk             |     8 |     6 |    28 |    17 ||    59
